Cogmind - Beta 11 X2 @@@ ROGUE MODE // 2021.02.13 @ 14:00:23 Player: Agave Result: Destroyed by D-53 Grenadier with Mini Grenade Launcher Performance ------------- Evolutions (0) 0 Regions Visited (4) 800 Robots Destroyed (10) 50 Value Destroyed (281) 281 Prototype IDs (0) 0 Alien Tech Used (0) 0 Bonus (-8) -8 TOTAL SCORE: 1123 Bonus ------- Friendly Fire -8 Cogmind --------- Core Integrity 0/250 Matter 267/300 Energy 85/100 System Corruption 0% Temperature Cool (0) Movement Rolling (125) Ox3 Location -9/Mines Parts ------- > --- POWER (1) -------- (None) > --- PROPULSION (2) --- Wheel > --- UTILITY (2) ------ High-capacity Storage Unit Signal Interpreter > --- WEAPON (2) ------- (None) > --- INVENTORY (20) --- Light Ion Engine Light Nuclear Core Light Treads Light Treads Medium Storage Unit Compact Matter Pod (112) Structural Scanner Sensor Array Terrain Scan Processor ECM Suite Particle Gun Light Assault Rifle Mining Laser Hammer Peak State ------------ > --- POWER ------------ Light Ion Engine > --- PROPULSION ------- Light Treads Light Treads > --- UTILITY ---------- High-capacity Storage Unit Signal Interpreter > --- WEAPON ----------- EM Pulse Gun Rocket Launcher > --- INVENTORY -------- Light Ion Engine Light Nuclear Core Light Treads Wheel Wheel Medium Storage Unit Compact Matter Pod Structural Scanner Sensor Array Terrain Scan Processor ECM Suite Particle Gun Light Assault Rifle Mining Laser Hammer [Rating: 10] Favorites ----------- Power Light Ion Engine Engine Light Ion Engine Propulsion Light Treads Treads Light Treads Leg Aluminum Leg Wheel Wheel Utility High-capacity Storage Unit Device ECM Suite Storage High-capacity Storage Unit Processor Signal Interpreter Weapon EM Pulse Gun Energy Gun EM Pulse Gun Ballistic Gun Light Assault Rifle Launcher Rocket Launcher Impact Weapon Hammer Build | -11 -10 -10 -10 -9 ------- Run | Scr Mat Min Exi Min Slots Evolved . | . . . . . Power . | . . . . . Propulsion . | . . . . . Utility . | . . . . . Weapon . | . . . . . Parts Attached 15 | 2 9 2 . 2 Power . | . . . . . Engine . | . . . . . Core . | . . . . . Reactor . | . . . . . Propulsion 5 | 2 1 . . 2 Treads 2 | 1 1 . . . Leg . | . . . . . Wheel 3 | 1 . . . 2 Hover . | . . . . . Flight . | . . . . . Utility 6 | . 6 . . . Device 3 | . 3 . . . Storage 2 | . 2 . . . Processor 1 | . 1 . . . Hackware . | . . . . . Protection . | . . . . . Artifact . | . . . . . Weapon 4 | . 2 2 . . Energy Gun 1 | . 1 . . . Energy Cannon . | . . . . . Ballistic Gun 1 | . . 1 . . Ballistic Cannon . | . . . . . Launcher 1 | . . 1 . . Special Weapon . | . . . . . Impact Weapon 1 | . 1 . . . Slashing Weapon . | . . . . . Piercing Weapon . | . . . . . Special Melee Weapon . | . . . . . Unidentified Prototypes . | . . . . . Parts Lost 6 | . 1 . . 5 Power 1 | . . . . 1 Propulsion 2 | . . . . 2 Utility . | . . . . . Weapon 3 | . 1 . . 2 Highest Loss Streak 5 | . 1 . . 5 Average Slot Usage (%) 99 | . 98 100 100 75 Engine 13 | . 14 14 14 4 Treads 27 | . 26 28 28 18 Storage 14 | . 14 14 14 14 Processor 12 | . 8 14 14 14 Energy Gun 13 | . 14 14 14 9 Ballistic Gun 1 | . 5 1 . . Launcher 9 | . . 9 14 9 Impact Weapon 2 | . 8 2 . . Naked Turns . | . . . . . Heaviest Build 49 | 11 47 49 49 49 Greatest Support 40 | 10 40 40 40 40 Greatest Overweight (x) 3 | 1 1 1 1 3 Average Overweight (x) 1 | 1 1 1 1 1 Largest Inventory Capacity 20 | 8 20 20 20 20 Average Capacity 19 | 8 18 20 20 20 Most Carried 15 | 6 12 15 15 15 Average Carried 13 | 5 9 13 15 14 Final Capacity 20 | 8 20 20 20 20 Final Carried 15 | 4 12 15 15 14 Class Distribution -------------------- 100% | Mutant Dominant Class ---------------- Mutant | -10/Materials Mutant | -10/Mines Mutant | -10/Exiles Mutant | -9/Mines Resources | -11 -10 -10 -10 -9 ----------- Run | Scr Mat Min Exi Min Matter Collected 385 | 190 123 72 . . Remotely . | . . . . . Salvage Created 266 | . 199 67 . . Parts 20 | . 15 5 . . Haulers Intercepted . | . . . . . Recyclers Shooed . | . . . . . Parts Field Recycled . | . . . . . Retrieved Matter . | . . . . . Parts Self-Destructed . | . . . . . Prevented . | . . . . . Kills | -11 -10 -10 -10 -9 ------- Run | Scr Mat Min Exi Min Combat Hostiles Destroyed 8 | . 5 3 . . Guns 7 | . 5 2 . . AOE 1 | . . 1 . . Classes Destroyed 3 | . 3 . . . Watcher 2 | . 2 . . . Swarmer 3 | . 3 . . . Grunt 5 | . 2 3 . . Best Kill Streak 3 | . 3 2 . . Combat Bots Only 3 | . 3 2 . . Max Kills in Single Turn 1 | . 1 1 . . Gunslinging . | . . . . . Exploded 1 | . . 1 . . Melee . | . . . . . Uniques/NPCs Destroyed . | . . . . . Combat | -11 -10 -10 -10 -9 -------- Run | Scr Mat Min Exi Min Damage Taken 936 | . 213 181 . 542 Core 252 | . 33 17 . 202 Absorbed by Shields . | . . . . . Core Remaining (%) 100 | 100 . . . . Volleys Fired 37 | . 20 14 . 3 Largest 2 | . 2 2 . 1 Hottest 60 | . 60 60 . 33 Shots Fired 53 | . 28 22 . 3 Gun 46 | . 28 18 . . Cannon . | . . . . . Launcher 7 | . . 4 . 3 Special . | . . . . . Kinetic 16 | . 8 8 . . Thermal . | . . . . . Explosive 7 | . . 4 . 3 Electromagnetic 30 | . 20 10 . . Robot Hit Streak 5 | . 5 4 . 3 Robot Miss Streak 3 | . 2 3 . . Penetration Max . | . . . . . Secondary Targets . | . . . . . Shots Hit Robots 29 | . 14 13 . 2 Core Hits 22 | . 11 6 . 5 Critical Hits . | . . . . . Critical Kills . | . . . . . Critical Parts Destroyed . | . . . . . Melee Attacks 8 | . 8 . . . Impact 8 | . 8 . . . Slashing . | . . . . . Piercing . | . . . . . Sneak Attacks . | . . . . . Combat Hostiles . | . . . . . Follow-up Attacks . | . . . . . Damage Inflicted 648 | . 204 384 . 60 Guns 318 | . 184 134 . . Cannons . | . . . . . Explosions 330 | . 20 250 . 60 Melee . | . . . . . Ramming . | . . . . . Kinetic 52 | . 9 43 . . Thermal 20 | . 20 . . . Explosive 310 | . . 250 . 60 Electromagnetic 266 | . 175 91 . . Impact . | . . . . . Slashing . | . . . . . Piercing . | . . . . . Highest Corruption . | . . . . . Average Corruption . | . . . . . Corruption Purged . | . . . . . Overload Shots . | . . . . . Overflow Damage 32 | . . 32 . . Projectiles . | . . . . . Explosions 32 | . . 32 . . Melee . | . . . . . Knockbacks . | . . . . . Impact . | . . . . . Kinetic . | . . . . . Secondary . | . . . . . Self-Inflicted Damage 20 | . . . . 20 Shots 2 | . . . . 2 Rammed . | . . . . . Targets Rammed . | . . . . . Kicked . | . . . . . Crushed . | . . . . . Highest Temperature 83 | . 60 83 . . Average Temperature 28 | . 23 32 . . Received Heat Transfer 150 | . 45 105 . . Siege Activations . | . . . . . Robots Corrupted . | . . . . . Combat Hostiles . | . . . . . Parts Fried 1 | . 1 . . . Impact Corruptions . | . . . . . Robots Melted . | . . . . . Combat Hostiles . | . . . . . Parts Melted . | . . . . . Heat Transferred 50 | . 50 . . . Parts Sabotaged . | . . . . . Parts Stolen . | . . . . . Parts Stripped . | . . . . . Power Chain Reactions 1 | . 1 . . . Missiles Intercepted . | . . . . . Alert | -11 -10 -10 -10 -9 ------- Run | Scr Mat Min Exi Min Peak Influence 100 | . 100 70 . . Initial . | . . . . . Average 23 | . 48 7 . . Maximum Alert Level . | . . . . . Low Security (%) 100 | 100 100 100 . 100 Level 1 . | . . . . . Level 2 . | . . . . . Level 3 . | . . . . . Level 4 . | . . . . . Level 5 . | . . . . . High Security . | . . . . . Max Security . | . . . . . Squads Dispatched . | . . . . . Investigation . | . . . . . Extermination . | . . . . . Reinforcement . | . . . . . Assault . | . . . . . Garrison . | . . . . . Intercept . | . . . . . Construction Impeded . | . . . . . Haulers Reinforced . | . . . . . Stealth | -11 -10 -10 -10 -9 --------- Run | Scr Mat Min Exi Min Distress Signals 1 | . 1 . . . Communications Jammed . | . . . . . Distress Signals . | . . . . . Times Spotted 30 | . 12 4 . 14 Peak Tracking Total 10 | . 3 2 . 10 Tactical Retreats . | . . . . . Traps | -11 -10 -10 -10 -9 ------- Run | Scr Mat Min Exi Min Traps Triggered 1 | . 1 . . . Indirectly . | . . . . . Trap Hack Attempts . | . . . . . Triggered . | . . . . . Disarmed . | . . . . . Reprogrammed . | . . . . . Reused . | . . . . . Traps Extracted . | . . . . . Installed . | . . . . . Triggered . | . . . . . Machines | -11 -10 -10 -10 -9 ---------- Run | Scr Mat Min Exi Min Machines Disabled 1 | . . 1 . . Max in Single Turn 1 | . . 1 . . Machines Sabotaged . | . . . . . Garrisons Compromised . | . . . . . Overloaded Fab Kills . | . . . . . Fab Network Shutdowns . | . . . . . Hacking | -11 -10 -10 -10 -9 --------- Run | Scr Mat Min Exi Min Machines Accessed 8 | . 3 1 4 . Terminals 4 | . 3 1 . . Fabricators . | . . . . . Repair Stations . | . . . . . Recycling Units . | . . . . . Scanalyzers . | . . . . . Garrison Access . | . . . . . Total Hacks 18 | . 11 3 4 . Successful 9 | . 4 1 4 . Failed 9 | . 7 2 . . Catastrophic 1 | . 1 . . . Database Lockouts . | . . . . . Manual 12 | . 11 1 . . Terminals 14 | . 11 3 . . Fabricators . | . . . . . Repair Stations . | . . . . . Recycling Units . | . . . . . Scanalyzers . | . . . . . Garrison Access . | . . . . . Terminal Hacks 6 | . 1 1 4 . Record 4 | . . . 4 . Terminal Index 1 | . 1 . . . Zone Layout 1 | . . 1 . . Fabricator Hacks . | . . . . . Repair Station Hacks . | . . . . . Recycling Unit Hacks . | . . . . . Scanalyzer . | . . . . . Garrison Access Hacks . | . . . . . Unauthorized Hacks 3 | . 3 . . . Terminals 3 | . 3 . . . Track 1 | . 1 . . . Botnet 2 | . 2 . . . Fabricators . | . . . . . Repair Stations . | . . . . . Recycling Units . | . . . . . Scanalyzers . | . . . . . Garrison Access . | . . . . . Data Cores Recovered . | . . . . . Used . | . . . . . Hacking Detections 4 | . 3 1 . . Full Trace Events . | . . . . . Feedback Events . | . . . . . Feedback Blocked . | . . . . . Robot Schematics Acquired . | . . . . . Robots Built . | . . . . . Matter . | . . . . . Time . | . . . . . Total Robot Build Rating . | . . . . . Part Schematics Acquired . | . . . . . Parts Built . | . . . . . Matter . | . . . . . Time . | . . . . . Total Part Build Rating . | . . . . . Parts Repaired . | . . . . . Time . | . . . . . Parts Recycled . | . . . . . Recycled Matter . | . . . . . Retrieved Matter . | . . . . . Retrieved Components . | . . . . . Parts Scanalyzed . | . . . . . Part Schematics Acquired . | . . . . . Parts Damaged . | . . . . . Bothacking | -11 -10 -10 -10 -9 ------------ Run | Scr Mat Min Exi Min Used RIF Installer . | . . . . . Robots Hacked . | . . . . . Non-combat . | . . . . . Combat . | . . . . . Robot Hacks Applied . | . . . . . Relay Couplers Released . | . . . . . Robots Rewired . | . . . . . Allies Hacked . | . . . . . Hacks Repelled . | . . . . . Allies | -11 -10 -10 -10 -9 -------- Run | Scr Mat Min Exi Min Total Allies . | . . . . . Largest Group . | . . . . . Highest-Rated Group . | . . . . . Highest-Rated Ally . | . . . . . Total Orders . | . . . . . Ally Attacks . | . . . . . Total Damage . | . . . . . Kills . | . . . . . Allies Corrupted . | . . . . . Allies Melted . | . . . . . Intel | -11 -10 -10 -10 -9 ------- Run | Scr Mat Min Exi Min Robot Analysis Total . | . . . . . Derelict Logs Recovered 1 | . . 1 . . Drone Launches . | . . . . . Drone Recoveries . | . . . . . Exploration | -11 -10 -10 -10 -9 ------------- Run | Scr Mat Min Exi Min Turns Passed 4551 | 3 1004 1638 1878 28 Spaces Moved 1733 | 1 399 601 723 9 Core . | . . . . . Treads 1647 | . 318 601 723 5 Legs . | . . . . . Wheels 86 | 1 81 . . 4 Hover . | . . . . . Flight . | . . . . . Fastest Speed 95 | 95 95 260 260 95 Average Speed 251 | 95 226 260 260 207 Slowest Speed 360 | 95 260 260 260 360 Overloaded Moves . | . . . . . Propulsion Burnouts . | . . . . . Robots Hopped . | . . . . . Cave-ins Triggered . | . . . . . Exploration Rate (%) 53 | 2 64 98 92 9 Regions Visited 4 Branch Regions 3 Pre-discovered Areas 2 | . . 2 . . Known Exits Taken 3 | . 1 1 1 . Unknown Exits Taken 1 | 1 . . . . Scrap Searched 1 | . . 1 . . Spaces Dug 2 | . 2 . . . Terrain Destroyed 64 | . 7 33 . 24 Melee 2 | . 2 . . . Projectile . | . . . . . AOE 62 | . 5 33 . 24 Terrain Rammed . | . . . . . Walls Destroyed . | . . . . . Machines Disabled . | . . . . . Actions | -11 -10 -10 -10 -9 --------- Run | Scr Mat Min Exi Min Total 1856 | 4 460 656 722 14 Wait 49 | . 12 37 . . Move 1729 | . 398 600 722 9 Hop . | . . . . . Pick Up 14 | . 11 3 . . Fast Attach . | . . . . . Attach 6 | 2 3 . . 1 Detach . | . . . . . Swap 9 | . 6 2 . 1 Drop 4 | 2 2 . . . Fire 37 | . 20 14 . 3 Melee 8 | . 8 . . . Ram . | . . . . . Kick . | . . . . . Crush . | . . . . . Escape Stasis . | . . . . . Rewire . | . . . . . Trap . | . . . . . Miscellaneous . | . . . . . Route ------- -11/Scrapyard -10/Materials (discovered 3 exits: *Mat x2 / *Min) -10/Mines (discovered 3 exits: *Mat x2 / *Exi) -10/Exiles (discovered 2 exits: *Min x2) -9/Mines History --------- Turn | Location | Event 4 | -11/Scrapyard | Discovered new exit (range 0) 4 | -11/Scrapyard | Entered Materials 317 | -10/Materials | Build established: Mutant 378 | -10/Materials | Discovered new exit (range 7) 400 | -10/Materials | Identified exit to Materials 659 | -10/Materials | Discovered exit to Materials (range 15) 856 | -10/Materials | Discovered new exit (range 10) 1005 | -10/Materials | Identified exit to Mines 1008 | -10/Materials | Entered Mines 1009 | -10/Mines | Learned location of Storage (-7) 1328 | -10/Mines | Found a hidden stash of uninstalled traps 1420 | -10/Mines | Received a Rocket Launcher from a helpful Derelict 1536 | -10/Mines | Discovered exit to Materials (range 11) 1935 | -10/Mines | Discovered exit to Materials (range 12) 2491 | -10/Mines | Learned location of Zion (-7) 2635 | -10/Mines | Deemed a non-threat by the Exiles lab entrance 2635 | -10/Mines | Discovered new exit (range 5) 2643 | -10/Mines | Identified exit to Exiles 2646 | -10/Mines | Entered Exiles 2646 | -10/Exiles | Found Exiles lab abandoned 4108 | -10/Exiles | Discovered new exit (range 15) 4144 | -10/Exiles | Identified exit to Mines 4503 | -10/Exiles | Discovered exit to Mines (range 10) 4524 | -10/Exiles | Entered Mines 4525 | -9/Mines | Assembled infested the area 4530 | -9/Mines | Assisted by a Guerilla fighting off Assembled 4543 | -9/Mines | Core integrity fell below 50% 4549 | -9/Mines | Core integrity fell below 20% 4552 | -9/Mines | Destroyed by D-53 Grenadier with Mini Grenade Launcher Last Messages --------------- 04540_ Lgt. Treads destroyed. 04540_ Rocket Launcher destroyed. 04540_ U-05 Engineer lays Concrete. 04541_ S-10 Pest destroyed. 04542_ EM Pulse Gun destroyed. 04543_ 8P-VIP(h) destroyed. 04543_ U-05 Engineer builds a Wall. 04544_ as-62174 destroyed. 04544_ as-23126 destroyed. 04546_ R-06 Scavenger collects Lgt. Ion Engine. 04547_ The unstable cave ceiling collapses. 04547_ as-24613 destroyed. 04547_ U-05 Engineer lays Concrete. 04548_ The unstable cave ceiling collapses. 04548_ Wheel destroyed. 04548_ D-53 Grenadier destroyed. 04548_ U-05 Engineer builds a Wall. 04549_ The unstable cave ceiling collapses. 04549_ R-06 Scavenger collects Flight Unit. 04550_ The unstable cave ceiling collapses. Map ----- +----------------------------------------------------+ | ??????????????????????????????????????? | | ??????????????????????????????????????? | | ??????????????????????????????????????? | | ??????????????????????????????????????? | | ??????????????????????????????????????? | | ??????????????????????????????????????? | | ??????????????????????????????????????? | | ????????????????????????????????? ?#??? | | ????????????????????????????????? #??? | | ???????????????????????????????? "##?? | | ???????????????????????????????? #?? | | ???????????????????????????????? ### | | ?????????????????????????????### # | | ????????????????????????????## # | | ???????????????????????????## # | | ???????????????????????????# a | | ??????????????????????????## # | | ?????????????????????????## # # | | ????????????????????????## # | | ????????????????????????# #? | | ???????????????????????## #?? | | ??????????????????????## # #?? | | ??????????????????????# # #??? | | ??????????????????????# #??? | | ??????????????????????## d ####??? | | ??????????????????????# @ ##????? | | ??????????????????????# s #????? | | ????????????????????? # s# #????? | | ???????????????????# """ # r% #???? | | ???????????????????# """ ## ##u#???? | | ?????????????????? """ ?? ##### #???? | | ????????????????? ??##???? ???? | | ???????????????? ? ???????? ???? | | ??????????????? ????? ????????? ??? | | ?????????????????????# ????????? ??? | | ?????????????????????## ?????????????? | | ??????????????????????## ?????????????? | | ???????????????????????#??????????????? | | ??????????????????????????????????????? | | ??????????????????????????????????????? | | ??????????????????????????????????????? | | ??????????????????????????????????????? | | | | | | | | | | | | | | | | | +----------------------------------------------------+ Best States ------------- Heat Dissipation 25 Energy Generation 10 Energy Capacity 125 Matter Stores 300 Matter Capacity 300 Sight Range 16 Robot Scan Range 14 Terrain Scan Density 10 ECM Strength 1 Evasion (%) 41 Recoil Reduction 2 Item Schematics ----------------- None Robot Schematics ------------------ None Fabricated ------------ Nothing Alien Tech Used ----------------- None Achievements -------------- None Challenges ------------ None Game ------ Seed GlidesysActuatorShielding Manual? 0 Play Time 00:27:42 Cumulative 105.1 hours Start 2021.02.13 @ 13:32:50 End 2021.02.13 @ 14:00:23 Sessions 1 Manual Loads 0 Difficulty Rogue Special Mode None Game No. 112 Rogue 112 Adventurer 0 Explorer 0 Win Type - Total 0 Types 0/0/0/0/0/0/0/0/0 Lore% 21 Gallery% 39 Achievement% 28 Wizard Run 0 Options --------- ASCII 0 Keyboard 0 Movement Mouse Keybinds 0 Fullscreen 1 Font 18/SmallcapsGlow Map View 76x50 Tactical HUD 1 Map Filters NONE Filters NONE Steam 1 RUN: 5999adb1-9c8a-4c06-a852-70bcf0baf3e2